 Dungeon Crawl Stone Soup version 0.23.2-1-ga50397a (webtiles) character file.

Game seed: 5016074756644575856

2188 MaxwellSilver the Thaumaturge (level 9, -6/65 HPs)
             Began as a Gnoll Wizard on May 22, 2019.
             Was an Initiate of Ashenzari.
             Mangled by a gnoll sergeant
             ... wielding a +0 trident
              (13 damage)
             ... on level 6 of the Dungeon.
             The game lasted 00:48:23 (9378 turns).

MaxwellSilver the Thaumaturge (Gnoll Wizard)        Turns: 9378, Time: 00:48:23

Health: -6/65      AC:  4    Str: 11    XL:     9   Next: 33%
Magic:  10/21      EV: 15    Int: 23    God:    Ashenzari [......]
Gold:   110        SH:  0    Dex: 13    Spells: 15/24 levels left

rFire    + . .     SeeInvis .   u - +3 falchion (vamp)
rCold    . . .     Gourm    .   (no shield)
rNeg     . . .     Faith    .   a - +0 robe
rPois    .         Spirit   .   b - +1 hat
rElec    .         Reflect  .   (no cloak)
rCorr    .         Harm     .   r - +0 pair of gloves (curse)
MR       .....                  (no boots)
Stlth    +++.......             w - amulet of magic regeneration (curse)
HPRegen  0.20/turn              (no ring)
MPRegen  0.42/turn              (no ring)

@: no status effects
A: distributed training, fangs 1, horns 1, fire resistance 1, strong nose
a: Curse Item, Renounce Religion


You were on level 6 of the Dungeon.
You worshipped Ashenzari.
Ashenzari was noncommittal.
You were hungry.

You visited 2 branches of the dungeon, and saw 7 of its levels.
You also visited: Sewer.

You collected 365 gold pieces.
You spent 255 gold pieces at shops.

Inventory:

Hand Weapons
 c - a +0 dagger
 k - a +1 hunting sling
 u - a +3 vampiric falchion (weapon)
Missiles
 h - 42 sling bullets
Armour
 a - a +0 robe (worn)
 b - a +1 hat (worn)
 r - a cursed +0 pair of gloves (worn)
Jewellery
 i - an uncursed ring of fire
 w - a cursed amulet of magic regeneration (around neck)
Wands
 n - a wand of iceblast (10)
 s - a wand of polymorph (7)
 t - a wand of paralysis (3)
Scrolls
 e - 5 scrolls of amnesia
 f - 3 scrolls of teleportation
 o - a scroll of magic mapping
 x - a scroll of fear
 y - a scroll of enchant armour
 z - 3 scrolls of enchant weapon
 B - 4 scrolls of remove curse
Potions
 g - 3 potions of curing
 j - 8 potions of agility
 l - a potion of haste
 m - 3 potions of flight
 p - a potion of degeneration {unknown}
 q - 2 potions of resistance {unknown}
 v - a potion of might {unknown}
 A - 2 potions of heal wounds
Comestibles
 d - 8 rations


   Skills:
 + Level 4.0 Fighting
 + Level 4.0 Short Blades
 + Level 4.0 Long Blades
 + Level 4.0 Axes
 + Level 4.0 Maces & Flails
 + Level 4.0 Polearms
 + Level 4.0 Staves
 + Level 4.0 Slings
 + Level 4.0 Bows
 + Level 4.0 Crossbows
 + Level 4.0 Throwing
 + Level 4.0 Armour
 + Level 6.2 Dodging
 + Level 5.9 Stealth
 + Level 4.0 Shields
 + Level 4.0 Unarmed Combat
 + Level 8.3 Spellcasting
 + Level 4.0 Conjurations
 + Level 3.3 Hexes
 + Level 3.3 Charms
 + Level 4.0 Summonings
 + Level 3.3 Necromancy
 + Level 4.0 Translocations
 + Level 3.3 Transmutations
 + Level 3.3 Fire Magic
 + Level 3.3 Ice Magic
 + Level 3.3 Air Magic
 + Level 3.3 Earth Magic
 + Level 3.3 Poison Magic
 + Level 4.5 Invocations
 + Level 4.0 Evocations


You had 15 spell levels left.
You knew the following spells:

 Your Spells              Type           Power        Failure   Level  Hunger
a - Magic Dart            Conj           ####         1%          1    None
b - Blink                 Tloc           N/A          1%          2    None
c - Mephitic Cloud        Conj/Pois/Air  ####....     4%          3    None
d - Conjure Flame         Conj/Fire      ####....     4%          3    None

Your spell library contained the following spells:

 Spells                   Type           Power        Failure   Level  Hunger
 Call Imp                 Summ           ####....     1%          2    None
 Slow                     Hex            ####....     2%          2    None


Dungeon Overview and Level Annotations

Branches:
Dungeon (6/15)             Temple (1/1) D:4

Altars:
Ashenzari
Cheibriados
Dithmenos
Elyvilon
Fedhas
Gozag
Hepliaklqana
Kikubaaqudgha
Makhleb
Nemelex Xobeh
Okawaru
Qazlal
Ru
Sif Muna
Trog
Uskayaw
Vehumet
Wu Jian
Xom
The Shining One

Shops:
D:6 ?

Annotations:
D:5 Edmund
D:6 Duvessa, Menkaure


Innate Abilities, Weirdness & Mutations

Your experience applies equally to all skills.
You have very sharp teeth.
Your uncanny sense of smell can sniff out nearby items.
You have a pair of small horns on your head.
Your flesh is heat resistant. (rF+)


Message History

Aiming: Magic Dart (safe; 1% risk of failure)
Press: ? - help, Shift-Dir - straight line, f/p - gnoll
Aim: a gnoll, wielding a +0 club (almost dead)
The magic dart hits the gnoll!
You kill the gnoll!
The gnoll closely misses you. The gnoll misses you.
The gnoll sergeant hits you from afar with a +0 trident!
* * * LOW HITPOINT WARNING * * *
The gnoll hits you from afar with a +0 halberd.
* * * LOW HITPOINT WARNING * * *
Casting: Magic Dart (safe; 1% risk of failure)
Confirm with . or Enter, or press ? or * to list all spells.
Aiming: Magic Dart (safe; 1% risk of failure)
Press: ? - help, Shift-Dir - straight line, f - gnoll
Aim: a gnoll, wielding a +0 halberd The magic dart hits the gnoll.
The gnoll is lightly wounded.
The gnoll misses you. The gnoll closely misses you.
The gnoll sergeant hits you from afar with a +0 trident!
You die... # # ...$ # ##'g## # ##ggg.## ∆ # gggggg #+# #gggg# #+ g.# ###########gggg#############. gg#

............)).............#g
###≈≈≈≈≈≈≈≈≈≈≈≈.@).≈≈≈≈≈≈≈≈≈≈≈≈##
≈≈≈≈≈≈≈≈≈≈≈≈≈≈≈....≈≈≈≈≈≈≈≈≈≈≈≈≈≈
≈≈≈≈≈≈≈≈≈≈≈≈≈≈≈....≈≈≈≈≈≈≈≈≈≈≈≈≈≈
.................................
................>......##########
.##########.#..).................
.# #......#.#........##########
.# #......#.#.##.##..## .#
##......#.#.<#......#


You could see a gnoll sergeant and 17 gnolls.

Vanquished Creatures
  Grinder (D:5)
  A hippogriff (D:6)
  A hungry ghost (D:5)
  A hornet zombie (D:6)
  A phantom (D:6)
  An ogre (D:4)
  A centaur (D:5)
  4 big kobolds (Sewer)
  A gnoll sergeant (D:6)
  3 scorpions
  A howler monkey (D:5)
  A hound (D:4)
  A gnoll shaman (D:6)
  A jelly (D:6)
  An orc wizard (D:5)
  Jessica (D:3)
  An iguana (D:6)
  Terence (D:2)
  2 worker ants (D:4)
  Ijyb (D:2)
  A hound zombie (D:6)
  Robin (D:3)
  13 gnolls
  9 adders
  11 river rats
  An ooze (D:2)
  An adder zombie (D:5)
  An adder skeleton (D:5)
  2 worms
  10 dart slugs
  4 leopard geckos
  8 orcs
  10 ball pythons
  3 bats
  6 giant cockroaches
  16 goblins
  6 hobgoblins
  14 jackals (D:6)
  4 quokkas
  7 frilled lizards
  A jackal zombie (D:5)
  20 kobolds
  42 rats
217 creatures vanquished.

Notes
Turn   | Place    | Note
-------+----------+-------------------------------------------
     0 | D:1      | MaxwellSilver the Gnoll Wizard began the quest for the Orb.
     0 | D:1      | Reached XP level 1. HP: 13/13 MP: 8/8
   225 | D:1      | Reached XP level 2. HP: 19/19 MP: 6/10
   965 | D:2      | Reached XP level 3. HP: 25/25 MP: 7/11
   999 | D:2      | Reached skill level 1 in Invocations
  1336 | D:2      | Noticed Terence
  1347 | D:2      | Gained mutation: You have a pair of small horns on your
                  | head. [potion of mutation]
  1347 | D:2      | Gained mutation: Your flesh is heat resistant. (rF+)
                  | [potion of mutation]
  1364 | D:2      | Killed Terence
  1364 | D:2      | Reached skill level 1 in Fighting
  1364 | D:2      | Reached skill level 1 in Short Blades
  1364 | D:2      | Reached skill level 1 in Long Blades
  1364 | D:2      | Reached skill level 1 in Axes
  1364 | D:2      | Reached skill level 1 in Maces & Flails
  1364 | D:2      | Reached skill level 1 in Polearms
  1364 | D:2      | Reached skill level 1 in Staves
  1364 | D:2      | Reached skill level 1 in Slings
  1364 | D:2      | Reached skill level 1 in Bows
  1364 | D:2      | Reached skill level 1 in Crossbows
  1364 | D:2      | Reached skill level 1 in Throwing
  1364 | D:2      | Reached skill level 1 in Armour
  1364 | D:2      | Reached skill level 1 in Shields
  1364 | D:2      | Reached skill level 1 in Unarmed Combat
  1364 | D:2      | Reached skill level 1 in Evocations
  1364 | D:2      | Reached XP level 4. HP: 8/32 MP: 0/13
  1660 | D:2      | Learned a level 2 spell: Blink
  1664 | D:2      | Learned a level 3 spell: Mephitic Cloud
  1668 | D:2      | Learned a level 3 spell: Conjure Flame
  1795 | D:2      | Found a snail-covered altar of Cheibriados.
  1980 | D:2      | Reached skill level 1 in Hexes
  1980 | D:2      | Reached skill level 1 in Charms
  1980 | D:2      | Reached skill level 1 in Necromancy
  1980 | D:2      | Reached skill level 1 in Transmutations
  1980 | D:2      | Reached skill level 1 in Fire Magic
  1980 | D:2      | Reached skill level 1 in Ice Magic
  1980 | D:2      | Reached skill level 1 in Air Magic
  1980 | D:2      | Reached skill level 1 in Earth Magic
  1980 | D:2      | Reached skill level 1 in Poison Magic
  2214 | D:2      | Reached XP level 5. HP: 37/37 MP: 10/14
  2474 | D:3      | Noticed Jessica
  2476 | D:3      | Noticed Ijyb
  2556 | D:3      | Found a white marble altar of Elyvilon.
  2691 | D:3      | Killed Jessica
  3037 | D:3      | Noticed Robin
  3122 | D:3      | Paralysed by Ijyb for 6 turns
  3137 | D:2      | Paralysed by Ijyb for 7 turns
  3388 | D:2      | Paralysed by Ijyb for 3 turns
  3394 | D:2      | Killed Ijyb
  3654 | D:3      | Killed Robin
  3654 | D:3      | Reached XP level 6. HP: 44/44 MP: 3/16
  3817 | D:4      | Found a staircase to the Ecumenical Temple.
  3835 | Temple   | Entered the Ecumenical Temple
  4017 | Temple   | Became a worshipper of Ashenzari the Shackled
  4235 | D:4      | Reached skill level 5 in Dodging
  4619 | D:4      | Reached XP level 7. HP: 42/50 MP: 5/18
  4955 | D:5      | Entered Level 5 of the Dungeon
  5086 | D:5      | Found a shadowy altar of Dithmenos.
  5093 | D:5      | Found a hazy altar of Hepliaklqana.
  5398 | D:5      | Noticed a hungry ghost
  5409 | D:5      | Killed a hungry ghost
  5606 | D:5      | Reached skill level 5 in Stealth
  5878 | D:5      | Noticed Grinder
  5907 | D:5      | Killed Grinder
  5907 | D:5      | Reached XP level 8. HP: 58/58 MP: 7/19
  6000 | D:5      | Found a snail-covered altar of Cheibriados.
  6151 | D:5      | Noticed Edmund
  6435 | D:6      | Found a glowing drain.
  6508 | Sewer    | Entered a sewer
  6862 | Sewer    | Reached skill level 8 in Spellcasting
  7608 | D:6      | Found Coekav's Magic Scroll Shop.
  7616 | D:6      | Noticed a hippogriff
  7617 | D:6      | Bought a scroll of remove curse for 45 gold pieces
  7617 | D:6      | Bought a scroll of identify for 30 gold pieces
  7617 | D:6      | Bought a scroll of remove curse for 45 gold pieces
  7617 | D:6      | Bought a scroll of teleportation for 45 gold pieces
  7617 | D:6      | Bought a scroll of remove curse for 45 gold pieces
  7617 | D:6      | Bought a scroll of remove curse for 45 gold pieces
  7631 | D:6      | HP: 2/58 [hippogriff (8)]
  7632 | D:6      | Killed a hippogriff
  7632 | D:6      | Reached XP level 9. HP: 2/65 MP: 9/21
  8759 | D:6      | Noticed Duvessa
  9024 | D:6      | Noticed Menkaure
  9378 | D:6      | Mangled by a gnoll sergeant

Skill      XL: |  1  2  3  4  5  6  7  8  9 |
---------------+----------------------------+-----
Conjurations   | 2 3 4 |  4.0
Summonings     | 2 3 4 |  4.0
Translocations | 2 3 4 |  4.0
Invocations    | 1 2 3 4 |  4.5
Fighting       | 1 2 3 4 |  4.0
Short Blades   | 1 2 3 4 |  4.0
Long Blades    | 1 2 3 4 |  4.0
Axes           | 1 2 3 4 |  4.0
Maces & Flails | 1 2 3 4 |  4.0
Polearms       | 1 2 3 4 |  4.0
Staves         | 1 2 3 4 |  4.0
Slings         | 1 2 3 4 |  4.0
Bows           | 1 2 3 4 |  4.0
Crossbows      | 1 2 3 4 |  4.0
Throwing       | 1 2 3 4 |  4.0
Armour         | 1 2 3 4 |  4.0
Shields        | 1 2 3 4 |  4.0
Unarmed Combat | 1 2 3 4 |  4.0
Evocations     | 1 2 3 4 |  4.0
Hexes          | 1 2 3 |  3.3
Charms         | 1 2 3 |  3.3
Necromancy     | 1 2 3 |  3.3
Transmutations | 1 2 3 |  3.3
Fire Magic     | 1 2 3 |  3.3
Ice Magic      | 1 2 3 |  3.3
Air Magic      | 1 2 3 |  3.3
Earth Magic    | 1 2 3 |  3.3
Poison Magic   | 1 2 3 |  3.3
Dodging        | 5 6 |  6.2
Stealth        | 5 |  5.9
Spellcasting   | 8 |  8.3

Action                   |  1- 3 |  4- 6 |  7- 9 || total
-------------------------+-------+-------+-------++-------
Melee: Dagger            |     9 |     8 |       ||    17
       Headbutt          |       |     2 |     4 ||     6
       Bite              |       |     1 |     3 ||     4
       Falchion          |       |       |    14 ||    14
 Cast: Magic Dart        |    75 |   233 |   454 ||   762
       Mephitic Cloud    |       |     4 |     6 ||    10
       Conjure Flame     |       |       |     8 ||     8
Invok: Curse Item        |       |       |     1 ||     1
  Use: Potion            |     4 |       |     3 ||     7
       Scroll            |       |    11 |     4 ||    15
  Eat: Chunk             |     1 |     7 |     7 ||    15
       Ration            |       |     2 |     3 ||     5
Armor: Robe              |     3 |    14 |    20 ||    37
       Skin              |    12 |       |       ||    12
Dodge: Dodged            |     7 |    27 |   142 ||   176
       Rpst.: Falchion   |       |     5 |    32 ||    37
